 Dungeon Crawl Stone Soup version 0.31.0-11-ge490571c62 (webtiles) character file.

Game seed: 4700773588791288627

9 browni3141 the Conjurer (level 2, 0/21 (22) HPs)
             Began as a Demonspawn Reaver on Jan 29, 2024.
             Slain by a jackal (3 damage)
             ... on level 1 of the Dungeon.
             The game lasted 00:00:38 (285 turns).

browni3141 the Conjurer (Demonspawn Reaver)          Turns: 285, Time: 00:00:39

HP:   0/21 (22)     AC:  3    Str: 12    XL:     2   Next: 6%
MP:   5/5           EV: 11    Int: 13    God:
Gold: 32            SH:  0    Dex: 11    Spells: 4/5 levels left

rFire   . . .        a - +0 short sword
rCold   . . .        (no shield)
rNeg    . . .        b - +0 leather armour
rPois   .            (no helmet)
rElec   .            (no cloak)
rCorr   .            (no gloves)
SInv    .            (no boots)
Will    .....        (no amulet)
Stlth   +            (no ring)
HPRegen 0.23/turn    (no ring)
MPRegen 0.09/turn

%: no passive effects
@: lightly drained, very slow
A: ignite blood 1
a: no special abilities


You were on level 1 of the Dungeon.
You visited 1 branch of the dungeon, and saw 1 of its levels.

You collected 32 gold pieces.

Inventory:

Hand Weapons
 a - a +0 short sword (weapon)
Armour
 b - a +0 leather armour (worn)
Jewellery
 d - a +6 ring of strength
 h - an amulet of guardian spirit
Scrolls
 c - a scroll of noise {unknown}
 f - a scroll of vulnerability {unknown}
 i - a scroll of poison {unknown}
 j - a scroll of amnesia {unknown}
Potions
 e - a potion of heal wounds {unknown}
 g - a potion of cancellation {unknown}


   Skills:
 + Level 2.1 Fighting
 + Level 2.8 Short Blades
 + Level 1.9 Dodging
 + Level 2.1 Spellcasting
 + Level 3.1 Conjurations


You had 4 spell levels left.
You knew the following spells:

 Your Spells              Type           Power      Damage    Failure   Level
a - Kiss of Death         Conj/Necr      20%        2d7       17%         1

Your spell library contained the following spells:

 Spells                   Type           Power      Damage    Failure   Level
 Momentum Strike          Conj/Tloc      10%        3d8       26%         2
 Hailstorm                Conj/Ice       5%         3d5       45%         3


Dungeon Overview and Level Annotations

Branches:
Dungeon (1/15)

Altars:


Innate Abilities, Weirdness & Mutations

Your demonic aura sometimes causes spilled blood to erupt in flames.


Message History

The jackal barely misses you.
The jackal bites you but does no damage. x2
The jackal attacks as it pursues you!
The jackal bites you but does no damage.
The jackal bites you.
The hobgoblin hits you but does no damage.
The jackal barely misses you. The hobgoblin misses you.
The jackal attacks as it pursues you! The jackal bites you.
The jackal bites you. x2
There is an open door here.
You enter the shallow water.
Moving in this stuff is going to be slow.
The jackal attacks as it pursues you! The jackal closely misses you.
You hit the jackal.
The jackal is heavily wounded.
The jackal bites you but does no damage.
You hit the jackal.
The jackal is almost dead.
The jackal barely misses you. The jackal bites you.
Your unstable footing causes you to fumble your attack.
You barely miss the jackal. The jackal closely misses you.
You hit the jackal.
The jackal is lightly wounded.
The jackal bites you.
You hit the jackal.
The jackal is heavily wounded.
The jackal bites you but does no damage.
You hit the jackal but do no damage.
The jackal is heavily wounded.
The jackal barely misses you. The jackal bites you.
Your unstable footing causes you to fumble your attack.
The jackal barely misses you.
Your unstable footing causes you to fumble your attack.
The jackal barely misses you.
You hit the jackal.
You kill the jackal!
The jackal barely misses you.
You have reached level 2!
Your demonic ancestry asserts itself...
Your blood heats up.
You closely miss the jackal.
The jackal is almost dead.
The jackal closely misses you.
You barely miss the jackal.
The jackal is almost dead.
The jackal closely misses you.
Unknown command.
You completely miss the jackal.
The jackal is almost dead.
The jackal bites you.
You hit the jackal but do no damage.
The jackal is almost dead.
The jackal closely misses you.
You closely miss the jackal.
The jackal is almost dead.
The jackal closely misses you. The jackal bites you.
Your unstable footing causes you to fumble your attack.
The jackal misses you.
Your unstable footing causes you to fumble your attack.
The jackal bites you but does no damage.
You barely miss the jackal.
The jackal is almost dead.
The jackal bites you but does no damage.
Your unstable footing causes you to fumble your attack.
The jackal barely misses you. x2
You barely miss the jackal.
The jackal is almost dead.
The jackal closely misses you.
You hit the jackal.
You kill the jackal!
The jackal bites you but does no damage.
The jackal closely misses you. The hobgoblin closely misses you.
The jackal closely misses you. The jackal barely misses you.
There is an open door, spattered with blood here.
Things that are here:
a jackal corpse; a jackal corpse You enter the shallow water.
Moving in this stuff is going to be slow.
The jackal barely misses you.
You closely miss the jackal.
The jackal bites you but does no damage.
You closely miss the jackal. The jackal closely misses you.
Your unstable footing causes you to fumble your attack.
The jackal barely misses you.
You barely miss the jackal. The jackal misses you.
The jackal closely misses you.
Your unstable footing causes you to fumble your attack.
The jackal stops to sniff the ground.
The jackal misses you.
You hit the jackal.
The jackal is severely wounded.
The jackal closely misses you.
Your unstable footing causes you to fumble your attack.
The jackal bites you.
Your unstable footing causes you to fumble your attack.
The jackal bites you.
You closely miss the jackal.
The jackal is severely wounded.
The jackal bites you.
You die...

#..................#
#..................#
#..................##########
#............†....#.........
#........†..)..†...........
##.........)..............
#.......gh...............
#....###h######)..>......
.#####.#..#≈≈@≈≈# #..........
...........#≈~≈~≈#
#........†.
...#.....###~≈~≈~#
#.......... ........# #≈~≈~≈#
............ ##.......
###'###.###.###.....
#..##.... ... #. #..... #...
#..... ### . ....... ....
##..... ........ ## ###.#..
#......#


You could see 2 jackals and a hobgoblin.

Vanquished Creatures
  A goblin (D:1)
  A hobgoblin (D:1)
  2 jackals (D:1)
  2 ball pythons (D:1)
  A kobold (D:1)
  3 rats (D:1)
10 creatures vanquished.

Notes
Turn   | Place    | Note
-------+----------+-------------------------------------------
     0 | D:1      | browni3141 the Demonspawn Reaver began the quest for the
                  | Orb.
     0 | D:1      | Reached XP level 1. HP: 16/16 MP: 3/3
   263 | D:1      | Gained mutation: Your demonic aura sometimes causes spilled
                  | blood to erupt in flames. [demonic ancestry]
   263 | D:1      | Reached XP level 2. HP: 6/21 MP: 5/5
   285 | D:1      | Slain by a jackal

Illustrated notes

Levels and vault maps discovered:
D:1:      lightli_iron_boxes, layout_rooms, chequers_serial_rivers_room_b,
          hex_intersection, grunt_decor_arrowhead

Action                     || total
---------------------------++-------
  Melee: Short sword       ||    71
   Cast: Kiss of Death     ||     1
 Armour: Leather armour    ||    63
  Dodge: Dodged            ||    67
